 Dungeon Crawl Stone Soup version 0.24.0-13-gcf9b319 (webtiles) character file.

Game seed: 1496169656511792843, levelgen mode: deterministic

290 Golfball the Skirmisher (level 6, 0/41 HPs)
             Began as a Gargoyle Monk on May 18, 2020.
             Was a Believer of Qazlal.
             Slain by an orc priest
             ... wielding a +0 flail
              (1 damage)
             ... on level 5 of the Dungeon.
             The game lasted 00:12:00 (3761 turns).

Golfball the Skirmisher (Gargoyle Monk)             Turns: 3761, Time: 00:12:01

Health: 0/41       AC: 11    Str: 17    XL:     6   Next: 32%
Magic:  6/6        EV:  8    Int: 10    God:    Qazlal [**....]
Gold:   107        SH:  9    Dex: 12    Spells: 5/5 levels left

rFire    . . .     SeeInvis .   a - +0 flail
rCold    . . .     Gourm    .   v - +0 shield
rNeg     + . .     Faith    .   i - +0 ring mail
rPois    ∞         Spirit   .   (no helmet)
rElec    +         Reflect  .   k - +0 cloak
rCorr    .         Harm     .   (no gloves)
MR       .....                  C - +0 pair of boots
Stlth    +.........             (no amulet)
HPRegen  0.13/turn              (no ring)
MPRegen  0.10/turn              (no ring)

@: no status effects
A: negative energy resistance 1, electricity resistance, unbreathing,
petrification resistance, rot immunity, AC +4
a: Upheaval, Renounce Religion


You were on level 5 of the Dungeon.
You worshipped Qazlal.
Qazlal was pleased with you.
You were not hungry.

You visited 1 branch of the dungeon, and saw 5 of its levels.

You collected 146 gold pieces.
You spent 39 gold pieces at shops.

Inventory:

Hand Weapons
 a - a +0 flail (weapon)
Missiles
 e - 143 stones (quivered)
 r - 21 poisoned darts
 s - 69 sling bullets
 x - 8 silver boomerangs
 y - 3 boomerangs
Armour
 g - the +2 leather armour of the Bagpipe {rC+, unknown}
   (You found it on level 5 of the Dungeon)

   It protects you from cold.
 i - a +0 ring mail (worn)
 k - a +0 cloak (worn)
 v - a +0 shield (worn)
 C - a +0 pair of boots (worn)
Wands
 l - a wand of random effects (15)
Scrolls
 b - 3 scrolls of remove curse
 d - a scroll of enchant armour {unknown}
 h - a scroll of amnesia
 o - a scroll of identify
 q - a scroll of immolation
 t - a scroll of fear {unknown}
 u - 2 scrolls of teleportation
Potions
 f - a potion of brilliance
 j - a potion of flight
 m - a potion of lignification {unknown}
 n - a potion of degeneration {unknown}
 p - a potion of berserk rage {unknown}
 w - a potion of magic {unknown}
 z - 2 potions of agility {unknown}
 A - a potion of heal wounds {unknown}
 B - 3 potions of curing {unknown}
Comestibles
 c - 11 rations


   Skills:
 + Level 5.8 Fighting
 + Level 5.2 Maces & Flails
 - Level 2.4 Dodging
 - Level 2.1 Stealth


You had 5 spell levels left.
You didn't know any spells.
Your spell library was empty.

Dungeon Overview and Level Annotations

Branches:
Dungeon (5/15)
 Temple: D:4-7

Altars:
Ashenzari
Dithmenos
Gozag
Qazlal

Shops:
D:4 *


Innate Abilities, Weirdness & Mutations

You are resistant to torment.
Your stone body is resilient. (AC +4)
You are immune to poison.
You resist negative energy. (rN+)
You are resistant to electric shocks. (rElec)
You can survive without breathing.
You are immune to petrification.
You are immune to rotting.


Message History

You hear an angry hiss.
You hear a shout!
You block the orc priest's attack. The orc hits you but does no damage.
Something hits you but does no damage. The orc hits you but does no damage.
Found a lumpy emerald potion.
Things that are here:
a +0 ring mail; an orc corpse; a worker ant corpse You barely miss the orc priest.
You block the orc's attack. The orc priest barely misses you.
You hear some strange, mumbled words.
A puff of flame appears from out of thin air!
The puff of flame misses you. The orc barely misses you.
You hit the orc priest but do no damage.
The orc barely misses you.
Lightning from the thunderstorm strikes something you cannot see.
You hear some strange, mumbled words.
A magic dart appears from out of thin air!
The magic dart hits you!
* * * LOW HITPOINT WARNING * * *
The orc priest hits you with a +0 flail.
You die...

#...#
#..!.
#...#
#....
#...#
#....
#...#
#...##...#
#...#....#
#...#...##
#..{o..#
#.o@...#
####o..#
#####


You could see an orc priest and 2 orcs.

Vanquished Creatures
  A bullfrog skeleton (D:4)
  5 worker ants
  3 adders
  2 oozes
  2 worms
  A dart slug (D:2)
  3 leopard geckos
  11 orcs
  8 bats
  6 giant cockroaches
  11 goblins
  9 hobgoblins
  5 jackals
  7 kobolds
  3 quokkas
  6 frilled lizards
  A leopard gecko skeleton (D:3)
  5 rats
89 creatures vanquished.

Notes
Turn   | Place    | Note
-------+----------+-------------------------------------------
     0 | D:1      | Golfball the Gargoyle Monk began the quest for the Orb.
     0 | D:1      | Reached XP level 1. HP: 14/14 MP: 1/1
   178 | D:1      | Reached XP level 2. HP: 16/19 MP: 2/2
   710 | D:1      | Reached XP level 3. HP: 24/24 MP: 3/3
  1286 | D:2      | Reached XP level 4. HP: 24/30 MP: 4/4
  1429 | D:2      | Found an opulent altar of Gozag.
  1490 | D:2      | Found an opulent altar of Gozag.
  1493 | D:2      | Found a shattered altar of Ashenzari.
  1496 | D:2      | Found a shadowy altar of Dithmenos.
  2198 | D:3      | Found a stormy altar of Qazlal.
  2236 | D:3      | Became a worshipper of Qazlal Stormbringer
  2236 | D:3      | Reached * piety under Qazlal
  2236 | D:3      | Reached ** piety under Qazlal
  2369 | D:3      | Reached XP level 5. HP: 29/34 MP: 5/5
  2529 | D:4      | Found Axzeis's General Store.
  2714 | D:4      | Reached skill level 5 in Fighting
  2960 | D:4      | Bought a scroll of remove curse for 39 gold pieces
  3037 | D:4      | Reached skill level 5 in Maces & Flails
  3037 | D:4      | Reached XP level 6. HP: 24/40 MP: 6/6
  3559 | D:5      | Entered Level 5 of the Dungeon
  3748 | D:5      | Got a distressingly furry leather armour
  3761 | D:5      | HP: 1/41 [something/magic dart (9)]
  3761 | D:5      | Slain by an orc priest

Levels and vault maps discovered:
D:1:      dpeg_arrival_stone_temple_mockup, layout_basic
D:2:      layout_rooms, grunt_temple_overflow_diamond, first_ration,
          nicolae_gozag_cash_rules_everything_around_me
D:3:      layout_rooms, old_standard_altar
D:4:      layout_gridville, serial_shops, shop
D:5:      kennysheep_spiral_hall, layout_basic, serial_shops,
          nicolae_shop_window_shopping, uniq_grinder

Skill      XL: |  1  2  3  4  5 |
---------------+----------------+-----
Fighting       | 4 5 |  5.8
Maces & Flails | 4 5 |  5.2
Dodging        | |  2.4
Stealth        | |  2.1

Action                   |  1- 3 |  4- 6 || total
-------------------------+-------+-------++-------
Melee: Mace              |   119 |   135 ||   254
       Flail             |       |    66 ||    66
  Use: Scroll            |       |     6 ||     6
 Stab: Sleeping          |     3 |       ||     3
  Eat: Chunk             |     1 |     6 ||     7
       Ration            |       |     1 ||     1
Armor: Leather armour    |    44 |    71 ||   115
       Ring mail         |       |    23 ||    23
Dodge: Dodged            |    87 |    96 ||   183
Block: Shield            |       |    78 ||    78
